 Dungeon Crawl Stone Soup version 0.30-a0-802-gb92711bcdf (webtiles) character file.

Game seed: 15507093098300009368

1000 Newt the Covered (level 8, -5/59 (61) HPs)
             Began as a Demonspawn Gladiator on Feb 24, 2023.
             Slain by a gnoll sergeant
             ... wielding a +2 heavy trident
              (17 damage)
             ... on level 4 of the Dungeon.
             The game lasted 00:05:21 (4076 turns).

Newt the Covered (Demonspawn Gladiator)             Turns: 4076, Time: 00:05:22

HP:   -5/59 (61)    AC:  9    Str: 22    XL:     8   Next: 0%
MP:   8/8           EV: 14    Int: 10    God:
Gold: 273           SH:  0    Dex: 15    Spells: 7/7 levels left

rFire   . . .      SeeInvis +    p - +3 dagger (venom)
rCold   . . .      Faith    .    (no shield)
rNeg    . . .      Spirit   .    b - +0 leather armour
rPois   .          Reflect  .    (helmet restricted)
rElec   +          Harm     .    j - +2 cloak {rCorr}
rCorr   +          Rampage  .    o - +0 pair of gloves
Will    .....                    r - +0 pair of boots of Inviolability {Fly rElec}
Stlth   ++                       A - amulet of magic regeneration
HPRegen 0.29/turn                n - +6 ring of strength
MPRegen 0.51/turn                x - ring of see invisible

@: flying, lightly drained
A: horns 2
a: no special abilities


You were on level 4 of the Dungeon.
You visited 1 branch of the dungeon, and saw 5 of its levels.

You collected 273 gold pieces.

Inventory:

Hand Weapons
 a - a +0 rapier
 p - a +3 dagger of venom (weapon)
Missiles
 d - 3 throwing nets (quivered)
 e - a javelin
 i - 18 poisoned darts
 v - 5 atropa-tipped darts
Armour
 b - a +0 leather armour (worn)
 c - a +0 helmet
 j - a +2 cloak of preservation (worn)
 o - a +0 pair of gloves (worn)
 r - the +0 pair of boots of Inviolability (worn) {Fly rElec}
   (You found it on level 2 of the Dungeon)

   rElec:     It insulates you from electricity.
   Fly:       It grants you flight.
Jewellery
 n - a +6 ring of strength (left hand)
 x - a ring of see invisible (right hand)
 A - an amulet of magic regeneration (around neck)
Wands
 m - a wand of roots (2)
 u - a wand of acid (7)
 w - a wand of digging (4)
Scrolls
 s - 4 scrolls of teleportation
 C - a scroll of fog
Potions
 f - 2 potions of degeneration
 g - a potion of mutation {unknown}
 h - 4 potions of curing
 k - a potion of might
 l - a potion of ambrosia {unknown}
 q - 2 potions of invisibility {unknown}
 t - 2 potions of lignification {unknown}
 z - a potion of heal wounds {unknown}
 B - a potion of brilliance {unknown}


   Skills:
 + Level 4.6 Fighting
 - Level 4.0 Short Blades
 - Level 1.7 Throwing
 - Level 5.0 Armour
 - Level 5.0 Dodging
 - Level 1.5 Stealth


You had 7 spell levels left.
You didn't know any spells.
Your spell library contained the following spells:

 Spells                   Type           Power      Damage    Failure   Level
 Summon Small Mammal      Summ           0%         N/A       41%         1
 Call Canine Familiar     Summ           0%         N/A       78%         3
 Ignite Poison            Fire/Tmut/Pois 0%         N/A       78%         3
 Kindle Blastsparks       Fire/Tloc/Air  0%         2d10      78%         3
 Summon Guardian Golem    Hex/Summ       0%         N/A       78%         3
 Freezing Cloud           Conj/Ice/Air   0%         6-21      100%        5


Dungeon Overview and Level Annotations

Branches:
Dungeon (5/15)
 Temple: D:4-7

Altars:
Vehumet

Shops:
D:3 :


Innate Abilities, Weirdness & Mutations

You have a pair of horns on your head.


Message History

Done exploring.
Done exploring.
(D) Dungeon
Where to? (Enter - D:5, ? - help)
There is an open door here.
You see here a +0 flail.
There is a fountain of sparkling water here.
There is an open door here.
There is a stone staircase leading down here.
You fly downwards.
The wight hits you with a +2 long sword!
The wight misses you. The wight barely misses you.
The wight hits you but does no damage. The wight misses you.
The wight closely misses you. The gnoll sergeant closely misses you.
There is a stone staircase leading up here.
The wight barely misses you. The wight hits you but does no damage.
The gnoll hits you but does no damage. The wight hits you with a +5 flail!
You fly upwards.
There is a stone staircase leading down here.
You hit the wight but do no damage. You headbutt the wight!
The wight is heavily damaged.
The gnoll sergeant barely misses you. The wight hits you with a +5 flail!
The wight closely misses you.
The wight hits you with a +2 long sword!
The wight attacks as you move away!
The wight hits you with a +2 long sword!
* * * LOW HITPOINT WARNING * * *
The wight attacks as you move away! The wight closely misses you.
The wight hits you with a +5 flail.
* * * LOW HITPOINT WARNING * * *
You feel drained. The gnoll sergeant closely misses you.
The wight closely misses you. The wight attacks as you move away!
The wight closely misses you.
You hit the wight. You headbutt the wight.
The wight is severely damaged.
The wight barely misses you.
You hit the wight.
The wight is almost destroyed.
The gnoll sergeant hits you from afar with a +2 heavy trident!
You die...

##.#....#####.#
.........####.#
.#.#..........#
...#.....###..## .###.....#
##.)# ############# ##
#.....# ##..## #...........#
#
#.....###....###.####'####.#
#
#....<#...##.....#.......#.#
#
#.(.).#.#####@####.⌠...⌠.#.#
# #...)...# #z####[......#.#
#####.##..##
##g##z'...⌠...).# .(.....#..#
#..z.>#..(....###
#####.....### #....[#.⌠...⌠.#
............# #.....#.......#
.#.#.#.#....###)....####'####
.........................#
.....⌠.....####.........##


You could see a gnoll sergeant and 2 wights.

Vanquished Creatures
  The ghost of olddryhag the Chopper, an amateur DsGl (D:4)
  A sky beast (D:5)
  A black bear (D:5)
  A phantom (D:4)
  A wight (D:4)
  A howler monkey (D:4)
  3 hounds
  A jelly (D:4)
  3 orc wizards
  Ijyb (D:5)
  2 gnolls (D:4)
  11 adders
  A shadow imp (D:5)
  2 worms
  A dart slug (D:1)
  14 orcs
  4 ball pythons
  6 bats
  5 endoplasms
  3 giant cockroaches
  7 goblins
  9 hobgoblins
  6 jackals
  2 quokkas
  2 frilled lizards
  9 kobolds
  9 rats
107 creatures vanquished.

Vanquished Creatures (others)
  2 fungi (D:2)
  4 plants (D:2)
6 creatures vanquished.

Grand Total: 113 creatures vanquished

Notes
Turn   | Place    | Note
-------+----------+-------------------------------------------
     0 | D:1      | Newt the Demonspawn Gladiator began the quest for the Orb.
     0 | D:1      | Reached XP level 1. HP: 16/16 MP: 1/1
    41 | D:1      | Reached skill level 1 in Stealth
   208 | D:1      | Gained mutation: You have a pair of small horns on your
                  | head. [demonic ancestry]
   208 | D:1      | Reached XP level 2. HP: 22/22 MP: 2/2
  1100 | D:2      | Reached XP level 3. HP: 29/29 MP: 3/3
  1233 | D:2      | Reached XP level 4. HP: 28/37 MP: 4/4
  1404 | D:2      | Identified the +0 pair of boots of Inviolability {Fly
                  | rElec}
  1500 | D:2      | Found a faded altar of an unknown god.
  2186 | D:3      | Found Cidd's Book Shoppe.
  2195 | D:3      | Reached XP level 5. HP: 39/42 MP: 5/5
  2627 | D:4      | Reached skill level 1 in Armour
  2639 | D:4      | Found a runed translucent gate.
  2639 | D:4      | Found a runed translucent gate.
  2639 | D:4      | Found a runed translucent gate.
  2643 | D:4      | Noticed olddryhag's ghost (amateur DsGl)
  2799 | D:4      | Found a radiant altar of Vehumet.
  2836 | D:4      | Reached XP level 6. HP: 43/48 MP: 6/6
  3152 | D:4      | Killed olddryhag's ghost
  3153 | D:4      | Reached XP level 7. HP: 21/54 MP: 7/7
  3302 | D:5      | Entered Level 5 of the Dungeon
  3304 | D:5      | Noticed Ijyb
  3316 | D:5      | Killed Ijyb
  3354 | D:5      | Reached skill level 5 in Armour
  3655 | D:4      | Reached skill level 5 in Dodging
  3993 | D:4      | Gained mutation: You have a pair of horns on your head.
                  | [demonic ancestry]
  3993 | D:4      | Reached XP level 8. HP: 42/61 MP: 8/8
  4076 | D:4      | Slain by a gnoll sergeant

Illustrated notes

Levels and vault maps discovered:
D:1:      enne_arrival_octagon_isle, layout_basic
D:2:      layout_loops_ring, shapermc_ecumenical_altar_mp_urbaneastern,
          minmay_close_crescents
D:3:      layout_basic, serial_shops, shop, kennysheep_generic_room_13
D:4:      layout_rooms, fiery_altar_vehumet, elyvilon_altar_5,
          ebering_ghost_rock_garden, minmay_fountain_box, minmay_cupped
D:5:      layout_rooms, uniq_ijyb

Skill      XL: |  1  2  3  4  5  6  7 |
---------------+----------------------+-----
Stealth        | 1 |  1.5
Fighting       | 3 4 |  4.6
Short Blades   | 3 4 |  4.0
Armour         | 2 4 5 |  5.0
Dodging        | 5 |  5.0
Throwing       | |  1.7

Action                     |  1- 3 |  4- 6 |  7- 9 || total
---------------------------+-------+-------+-------++-------
  Melee: Rapier            |    32 |       |       ||    32
         Dagger            |    54 |   155 |   106 ||   315
         Headbutt          |     9 |    25 |    26 ||    60
         Punch             |     2 |     1 |     2 ||     5
  Throw: Throwing net      |       |       |     1 ||     1
    Use: Scroll            |     3 |     5 |     1 ||     9
         Potion            |     1 |     2 |       ||     3
   Stab: Sleeping          |     2 |     4 |       ||     6
 Armour: Leather armour    |    37 |    44 |    40 ||   121
  Dodge: Dodged            |    52 |    97 |    93 ||   242

Table legend: (Time is in decaauts)
 A = Elapsed time spent in this place.
 B = Non-inter-level travel time spent in this place.
 C = Inter-level travel time spent in this place.
 D = Time resting spent in this place.
 E = Time spent auto-exploring this place.
 F = Levels seen in this place.
 G = Mean time per level.
                   A        B        C        D        E       F      G
               +--------+--------+--------+--------+--------+-----+--------+
         Total |   4002 |   3806 |    196 |    349 |   2762 |   5 |  800.4 |
       Dungeon |   4002 |   3806 |    196 |    349 |   2762 |   5 |  800.4 |
               +--------+--------+--------+--------+--------+-----+--------+

Top non-repeatable levels by time:
     D:4: 1086 daAuts
     D:1: 1083 daAuts
     D:2: 790 daAuts
     D:3: 705 daAuts
     D:5: 335 daAuts
